AoeStats
← Death_Rider

Black Forest

509124654Analyzed
4v4 RM · 8d ago on Sep 25, 2026· 75m 16s· 8 players
Game mode
Random Map
Map size
Large (8 player)
Population
200
Speed
Normal
Resources
Standard
Victory
Conquest
Starting age
Dark Age
Ending age
Imperial Age
RankedLock teamsTeams togetherTeam positionsShared explorationLock speedFull tech treeHidden civsTurbo modeCheats
Victory
Defeat
🇩🇪 Teutons · Germany
923
+14
🇷🇺 Berbers · Russia
893
+16
🇮🇹 Turks · Italy
835
+18
🇫🇷 Celts · France
826
+19
🇨🇳 Magyars · China
909
-18
🇲🇽 Malay · Mexico
895
-17
🇭🇰 Danes · Hong Kong SAR China
871
-16
🇯🇵 Portuguese · Japan
863
-16
Ahtkel
2:15 Loom
14:40 Feudal Age
19:30 Castle Age
17:33 Double-Bit Axe
23:10 Town Watch
28:40 Forging
34:27 Imperial Age
32:20 Fletching
33:28 Horse Collar
34:03 Bow Saw
34:41 Iron Casting
36:04 Wheelbarrow
38:55 Blast Furnace
40:44 Heavy Plow
41:54 Ballistics
42:35 Chemistry
43:03 Conscription
42:44 Heavy Scorpion
43:50 Man-at-Arms
44:32 Squires
44:36 Long Swordsman
45:20 Forced Levy
45:46 Two-Handed Swordsman
48:47 Pikeman
49:23 Halberdier
52:10 Padded Archer Armor
52:07 Bodkin Arrow
把人生埋在四季
7:37 Loom
11:42 Feudal Age
16:03 Castle Age
14:21 Double-Bit Axe
14:23 Horse Collar
17:15 Bow Saw
20:37 Stone Mining
22:42 Heavy Plow
25:13 Gold Mining
26:53 Gold Shaft Mining
26:39 Corvinian Army
27:11 Scale Barding Armor
28:19 Chain Barding Armor
31:15 Imperial Age
29:57 Wheelbarrow
31:00 Hand Cart
30:34 Town Watch
30:48 Fletching
32:25 Conscription
31:26 Elite Magyar Huszar
32:39 Bodkin Arrow
33:18 Ballistics
33:11 Bloodlines
33:02 Husbandry
33:41 Crop Rotation
34:15 Two-Man Saw
33:55 Town Patrol
35:19 Thumb Ring
35:41 Parthian Tactics
36:20 Chemistry
35:32 Recurve Bow
37:09 Plate Barding Armor
36:36 Bracer
36:37 Padded Archer Armor
38:48 Heavy Cavalry Archer
40:53 Leather Archer Armor
48:09 Capped Ram
52:39 Caravan
52:45 Caravan
57:33 Ring Archer Armor
57:53 Hoardings
尔等皆凡人
10:47 Feudal Age
17:59 Castle Age
16:23 Double-Bit Axe
17:41 Wheelbarrow
17:49 Wheelbarrow
24:29 Gold Mining
24:53 Bow Saw
24:25 Horse Collar
29:44 Imperial Age
27:12 Stone Mining
28:01 Hand Cart
27:31 Town Watch
27:32 Loom
28:30 Heavy Plow
30:31 Gold Shaft Mining
30:13 Town Patrol
29:49 Onager
31:41 Chemistry
30:57 Siege Engineers
31:29 Conscription
32:31 Ballistics
31:56 Elite Varangian Guard
32:22 Arson
32:24 Gambesons
32:43 Squires
34:25 Padded Archer Armor
34:15 Fletching
34:26 Scale Mail Armor
34:36 Forging
34:07 Northmen's Fury
34:14 Hamask
34:50 Siege Onager
36:13 Caravan
37:18 Chain Mail Armor
37:39 Iron Casting
43:31 Plate Mail Armor
44:01 Blast Furnace
44:05 Masonry
43:51 Murder Holes
43:48 Heated Shot
43:49 Guard Tower
43:45 Arrowslits
45:38 Stone Shaft Mining
53:53 Hoardings
57:14 Pikeman
61:15 Halberdier
68:34 Husbandry
68:48 Bloodlines
69:21 Light Cavalry
71:55 Coinage
tabinoko
12:41 Feudal Age
13:59 Wheelbarrow
13:13 Double-Bit Axe
13:11 Horse Collar
16:51 Fishing Lines
24:06 Gold Mining
24:06 Stone Mining
26:45 Castle Age
27:59 Bow Saw
27:53 Heavy Plow
28:23 Caravan
28:42 Hand Cart
28:14 Town Watch
29:03 Gillnets
32:13 Town Watch
32:52 Town Patrol
33:23 Fortified Wall
33:10 Murder Holes
32:56 Treadmill Crane
34:23 Masonry
35:15 Stone Shaft Mining
35:21 Scale Barding Armor
35:08 Fletching
35:28 Forging
35:18 Scale Mail Armor
35:19 Padded Archer Armor
38:03 Imperial Age
37:31 Bloodlines
36:42 Light Cavalry
37:22 Husbandry
40:46 Conscription
40:58 Elite Skirmisher
44:57 Bodkin Arrow
45:17 Leather Archer Armor
45:39 Iron Casting
45:19 Chain Mail Armor
45:26 Chain Barding Armor
47:04 Bracer
47:35 Ring Archer Armor
47:13 Cavalier
51:23 Blast Furnace
Death_Rider
2:52 Loom
11:06 Feudal Age
11:33 Double-Bit Axe
13:25 Horse Collar
18:52 Castle Age
19:10 Fishing Lines
20:07 Bow Saw
21:40 Gillnets
23:21 Town Watch
24:11 Wheelbarrow
25:00 Caravan
25:52 Heavy Plow
27:00 Gold Mining
27:05 Stone Mining
30:32 Imperial Age
29:24 Forging
29:20 Scale Barding Armor
29:16 Scale Mail Armor
29:07 Fletching
29:49 Hand Cart
29:46 Squires
30:02 Town Patrol
30:47 Onager
31:50 Conscription
32:03 Bodkin Arrow
32:29 Chain Barding Armor
33:12 Chemistry
32:35 Ballistics
33:15 Iron Casting
32:53 Cavalier
33:44 Bloodlines
34:22 Stone Shaft Mining
34:23 Arrowslits
34:49 Masonry
34:30 Guard Tower
35:43 Plate Barding Armor
36:08 Blast Furnace
35:27 Paladin
37:36 Two-Man Saw
36:52 Padded Archer Armor
37:16 Ironclad
37:04 Pikeman
39:18 Keep
40:29 Hoardings
40:14 Chain Mail Armor
39:59 Halberdier
40:47 Heated Shot
46:41 Plate Mail Armor
51:38 Elite Skirmisher
DuaLipaFanboy59
12:34 Feudal Age
18:00 Castle Age
17:18 Double-Bit Axe
17:26 Gold Mining
17:50 Forging
25:04 Fishing Lines
30:45 Imperial Age
29:10 Scale Mail Armor
30:01 Gillnets
30:50 Gold Shaft Mining
31:07 Iron Casting
34:08 Blast Furnace
34:03 Bow Saw
34:30 Wheelbarrow
34:43 Elite Woad Raider
35:57 Chain Mail Armor
36:07 Caravan
37:06 Hand Cart
37:21 Horse Collar
37:29 Town Watch
38:22 Plate Mail Armor
38:41 Pikeman
39:12 Arson
39:13 Gambesons
42:38 Halberdier
48:27 Heavy Plow
63:54 Stone Mining
67:46 Capped Ram
71:18 Siege Ram
Sacresh Martire
0:33 Loom
12:13 Feudal Age
12:39 Double-Bit Axe
12:50 Gold Mining
16:59 Castle Age
15:33 Horse Collar
17:17 Fishing Lines
19:36 Bow Saw
21:05 Scale Mail Armor
21:13 Scale Barding Armor
21:18 Forging
24:47 Wheelbarrow
23:59 Man-at-Arms
24:48 Gillnets
26:20 Stone Mining
26:00 Long Swordsman
33:02 Imperial Age
31:09 Squires
31:27 Bloodlines
31:17 Husbandry
34:00 Forging
34:10 Chain Barding Armor
34:05 Chain Mail Armor
33:41 Fletching
33:52 Padded Archer Armor
34:59 Conscription
36:58 Two-Man Saw
35:31 Capped Ram
37:45 Artillery
38:06 Two-Handed Swordsman
38:12 Siege Ram
42:53 Hand Cart
42:23 Town Watch
43:38 Champion
44:50 Elite Janissary
58:12 Iron Casting
58:13 Plate Barding Armor
58:08 Plate Mail Armor
57:34 Bodkin Arrow
57:54 Leather Archer Armor
66:14 Bombard Tower
66:14 Ballistics
66:25 Heavy Camel Rider
75:18 Blast Furnace
74:19 Bracer
74:50 Ring Archer Armor
unknxwwwn
13:29 Feudal Age
15:44 Horse Collar
15:52 Double-Bit Axe
18:08 Wheelbarrow
21:23 Castle Age
20:55 Stone Mining
20:56 Gold Mining
21:43 Padded Archer Armor
21:34 Fletching
23:53 Bow Saw
23:45 Heavy Plow
24:33 Kasbah
26:16 Hand Cart
34:22 Imperial Age
34:15 Caravan
36:26 Murder Holes
36:43 Fortified Wall
36:41 Man-at-Arms
37:21 Squires
37:07 Arson
37:31 Scale Mail Armor
39:54 Scale Barding Armor
39:59 Forging
39:45 Bodkin Arrow
40:05 Leather Archer Armor
39:54 Treadmill Crane
40:55 Crop Rotation
40:41 Thumb Ring
41:39 Town Watch
41:39 Loom
43:47 Ring Archer Armor
43:18 Bracer
44:05 Conscription
43:20 Long Swordsman
44:05 Two-Handed Swordsman
44:22 Elite Genitour
46:12 Champion
47:22 Chain Mail Armor
46:42 Elite Camel Archer
49:13 Stone Shaft Mining
49:13 Gold Shaft Mining
48:47 Town Patrol
49:11 Chain Barding Armor
49:26 Iron Casting
Connection lost

Rejoining the realm…

Still unreachable

The connection could not be restored.

Session expired

The server has moved on; the page needs a fresh start.